 Dungeon Crawl Stone Soup version 0.22.1-2-g9c5b331383 (webtiles) character file.

313 McIrco the Shield-Bearer (level 6, -2/48 HPs)
             Began as a Demonspawn Fighter on Jan 6, 2019.
             Killed by divine providence
             ... invoked by an orc priest
              (13 damage)
             ... on level 4 of the Dungeon.
             The game lasted 00:04:51 (2449 turns).

McIrco the Shield-Bearer (Demonspawn Fighter)       Turns: 2449, Time: 00:04:51

Health: -2/48      AC:  6    Str: 17    XL:     6   Next: 19%
Magic:  6/6        EV:  8    Int:  9    God:
Gold:   142        SH:  9    Dex: 14    Spells: 5/5 levels left

rFire    . . .     SeeInvis .   a - +0 long sword
rCold    . . .     Gourm    .   c - +0 shield
rNeg     . . .     Faith    .   b - +0 scale mail
rPois    .         Spirit   .   (no helmet)
rElec    .         Reflect  .   (no cloak)
rCorr    .         Harm     .   (no gloves)
MR       .....                  (no boots)
Stlth    ..........             (no amulet)
HPRegen  0.16/turn              (no ring)
MPRegen  0.10/turn              (no ring)

@: no status effects
A: claws 2, spiny 2
a: no special abilities


You were on level 4 of the Dungeon.
You were not hungry.

You visited 1 branch of the dungeon, and saw 4 of its levels.

You collected 142 gold pieces.

Inventory:

Hand Weapons
 a - a +0 long sword (weapon)
Armour
 b - a +0 scale mail (worn)
 c - a +0 shield (worn)
Jewellery
 e - a +3 ring of strength {unknown}
Scrolls
 h - 3 scrolls of remove curse {unknown}
 i - 3 scrolls of identify {unknown}
 j - 2 scrolls of enchant weapon {unknown}
 k - a scroll of random uselessness {unknown}
 l - a scroll of enchant armour {unknown}
 m - a scroll of fear {unknown}
 p - a scroll of noise {unknown}
 q - 2 scrolls of immolation {unknown}
Potions
 d - a potion of curing {unknown}
 g - 3 potions of agility
 n - 2 potions of haste
 o - a potion of heal wounds
 r - a potion of degeneration {unknown}
 s - a potion of magic {unknown}
 t - a potion of ambrosia {unknown}
Comestibles
 f - 7 rations


   Skills:
 + Level 3.9 Fighting
 + Level 3.3 Long Blades
 + Level 3.4 Armour
 + Level 1.8 Dodging
 + Level 0.8 Stealth
 + Level 3.9 Shields


You had 5 spell levels left.
You didn't know any spells.
Your spell library was empty.

Dungeon Overview and Level Annotations

Branches:
Dungeon (4/15)
 Temple: D:4-7

Altars:
Cheibriados
Elyvilon
Wu Jian
Xom


Innate Abilities, Weirdness & Mutations

You have very sharp fingernails.
You are mostly covered in sharp spines.


Message History

The orc closely misses you.
The orc priest is struck by your spines.
You kill the orc priest!
The orc priest hits you but does no damage.
You closely miss the orc priest. The orc barely misses you.
You riposte.
You hit the orc.
The orc is moderately wounded.
The orc barely misses you.
You riposte.
You closely miss the orc.
The orc is moderately wounded.
The orc priest hits you with a war axe.
* * * LOW HITPOINT WARNING * * *
The orc priest hits you with an enchanted flail.
* * * LOW HITPOINT WARNING * * *
The orc is struck by your spines.
You kill the orc!
You barely miss the orc priest. The orc is struck by your spines.
You kill the orc!
The orc priest calls down the wrath of Beogh upon you.
Beogh smites you!
You die...

#.... #.... ##.... ..
#..... #..
.....#####..# .
.........# ..
#oo)....# ##.
##@)....#
..###..######.......##
...#..................
....................##
.......(..#.........#
....................#
..........#.........#
.........##.........#
.....................#


You could see 2 orc priests.

Vanquished Creatures
  An orc priest (D:4)
  Terence (D:2)
  A centaur skeleton (D:4)
  3 orc wizards (D:4)
  9 adders
  2 worms (D:2)
  A dart slug (D:1)
  2 orcs (D:4)
  4 giant cockroaches
  7 goblins
  6 hobgoblins
  4 jackals
  5 kobolds
  3 quokkas
  A ball python (D:2)
  8 bats
  7 frilled lizards
  5 rats
70 creatures vanquished.

Notes
Turn   | Place    | Note
-------+----------+-------------------------------------------
     0 | D:1      | McIrco the Demonspawn Fighter began the quest for the Orb.
     0 | D:1      | Reached XP level 1. HP: 18/18 MP: 1/1
   192 | D:1      | Gained mutation: You are partially covered in sharp spines.
                  | [demonic ancestry]
   192 | D:1      | Reached XP level 2. HP: 24/24 MP: 2/2
   581 | D:2      | Gained mutation: You are mostly covered in sharp spines.
                  | [demonic ancestry]
   581 | D:2      | Reached XP level 3. HP: 24/29 MP: 3/3
   743 | D:2      | Noticed Terence
   792 | D:2      | Found an ornate altar of the Wu Jian Council.
  1089 | D:2      | Killed Terence
  1089 | D:2      | Reached XP level 4. HP: 33/35 MP: 4/4
  1560 | D:2      | Reached skill level 1 in Dodging
  1669 | D:3      | Gained mutation: You have sharp fingernails. [demonic
                  | ancestry]
  1669 | D:3      | Reached XP level 5. HP: 41/41 MP: 5/5
  2107 | D:3      | Found a white marble altar of Elyvilon.
  2333 | D:4      | Gained mutation: You have very sharp fingernails. [demonic
                  | ancestry]
  2333 | D:4      | Reached XP level 6. HP: 27/48 MP: 6/6
  2378 | D:4      | Found a snail-covered altar of Cheibriados.
  2378 | D:4      | Found a shimmering altar of Xom.
  2449 | D:4      | Killed from afar by an orc priest

Skill      XL: |  1  2  3  4  5 |
---------------+----------------+-----
Long Blades    | 2 3 |  3.3
Shields        | 3 |  3.9
Armour         | 3 |  3.4
Dodging        | 1 |  1.8
Fighting       | |  3.9
Stealth        | |  0.8

Action                   |  1- 3 |  4- 6 || total
-------------------------+-------+-------++-------
Melee: Long sword        |    89 |    80 ||   169
  Use: Potion            |     3 |       ||     3
 Stab: Sleeping          |     1 |       ||     1
  Eat: Chunk             |       |     5 ||     5
Armor: Scale mail        |    44 |    44 ||    88
Dodge: Dodged            |    25 |    23 ||    48
Block: Shield            |    51 |    52 ||   103
       Rpst.: Long sword |     9 |     8 ||    17
